 Dungeon Crawl Stone Soup version 0.17-a0-1446-gc28613e (webtiles) character file.

9366 Work the Cleaver (level 11, -1/86 HPs)
             Began as a Demonspawn Berserker on June 28, 2015.
             Was a High Priest of Trog.
             Slain by Maud
             ... wielding a +4 eveningstar of crushing
              (5 damage)
             ... on level 10 of the Dungeon.
             The game lasted 00:25:28 (8588 turns).

Work the Cleaver (Demonspawn Berserker)             Turns: 8588, Time: 00:25:28

Health: -1/86      AC: 24    Str: 27    XL:     11   Next: 22%
Magic:  2/2        EV:  7    Int: 18    God:    Trog [*****.]
Gold:   870        SH:  0    Dex: 12    Spells: 0 memorised, 10 levels left

rFire  + + .     SeeInvis .     O - +2 battleaxe (elec)
rCold  . . .     Clarity  .     J - +0 plate armour
rNeg   . . .     SustAt   .     (no shield)
rPois  .         Gourm    .     D - +2 helmet
rElec  .         Spirit   .     F - +0 cloak
rCorr  .         Warding  .     j - +1 pair of gloves "Nycvof" {MP-9 Str+7}
rMut   .         Stasis   .     (no boots)
MR     .....                    (no amulet)
Stlth  ..........               I - ring of stealth
                                S - +4 ring of intelligence

@: not resistant to hostile enchantments, extremely unstealthy
A: talons 2, molten scales 3, clever 1, demonic guardian 1, fire resistance 1,
powered by death 1, strong 1
a: Burn Spellbooks, Berserk, Trog's Hand, Brothers in Arms, Renounce Religion


You were on level 10 of the Dungeon.
You worshipped Trog.
Trog was extremely pleased with you.
You were not hungry.

You visited 1 branch of the dungeon, and saw 10 of its levels.
You also visited: Ossuary and Bailey.

You collected 870 gold pieces.

Inventory:

Hand weapons
 a - a +0 hand axe
 s - a +0 hand axe of pain
 x - a +3 hand axe of freezing
 O - a +2 battleaxe of electrocution (weapon)
Armour
 b - a +0 animal skin
 f - a +0 ring mail
 j - the +1 pair of gloves "Nycvof" (worn) {MP-9 Str+7}
   (You found it on level 7 of the Dungeon)

   It affects your strength (+7).
   It affects your magic capacity (-9).
 k - a +0 chain mail
 D - a +2 helmet (worn)
 E - a +0 helmet
 F - a +0 cloak (worn)
 J - a +0 plate armour (worn)
Jewellery
 m - an uncursed ring of invisibility
 r - an uncursed ring of wizardry
 I - a ring of stealth (right hand)
 R - an uncursed amulet of rage
 S - a +4 ring of intelligence (left hand)
Magical devices
 L - a wand of slowing (15)
 M - a wand of frost (31)
 N - a wand of draining (15)
 T - a wand of invisibility (4)
Scrolls
 d - 6 scrolls of remove curse
 n - 3 scrolls of teleportation
 o - a scroll of vulnerability
 q - a scroll of fog
 t - 2 scrolls of recharging
 v - 8 scrolls of identify
 y - 3 scrolls of enchant weapon
 K - 3 scrolls of immolation
Potions
 e - 4 potions of lignification
 i - 5 potions of heal wounds
 l - 2 potions of magic
 p - a potion of resistance
 w - a potion of brilliance
 A - 7 potions of curing
 B - a potion of berserk rage
 C - a potion of mutation
 H - 2 potions of poison
Books
 P - a Young Poisoner's Handbook

   Spells                             Type                      Level
   a - Sting                          Conjuration/Poison           1
   b - Cure Poison                    Poison                       2
   c - Mephitic Cloud                 Conjuration/Poison/Air       3
   d - Olgreb's Toxic Radiance        Poison                       4
   e - Venom Bolt                     Conjuration/Poison           5
   Trog disapproves of the use of such an item.
 Q - a book of the Tempests

   Spells                             Type                      Level
   a - Static Discharge               Conjuration/Air              3
   b - Lightning Bolt                 Conjuration/Air              5
   c - Fireball                       Conjuration/Fire             5
   d - Tornado                        Air                          9
   e - Shatter                        Earth                        9
   Trog disapproves of the use of such an item.
Miscellaneous
 u - a legendary deck of changes {the Blade}
 G - a plain deck of summoning {drawn: 2}
Comestibles
 c - 8 bread rations
 g - 4 meat rations
 h - 3 slices of pizza
 z - 5 beef jerkies
 U - 3 chunks of flesh


   Skills:
 - Level 8.0 Fighting
 * Level 12.9 Axes
 - Level 7.0 Armour
 - Level 1.7 Dodging


You had 10 spell levels left.
You didn't know any spells.

Dungeon Overview and Level Annotations

Branches:
Dungeon (10/15)            Temple (0/1) D:7            Lair (0/8) D:10
    Orc: D:9-12

Altars:
Fedhas
Gozag
Okawaru
Qazlal
The Shining One

Shops:
D:10 (

Annotations:
D:10 Maud


Innate Abilities, Weirdness & Mutations

You have razor-sharp toenails.
You are completely covered in molten scales (AC +4, EV -1, rF+).
A weak demonic guardian rushes to your aid.
You regenerate a little health from kills.
Your mind is acute. (Int +2)
Your flesh is heat resistant.
Your muscles are strong. (Str +2)


Message History

Maud is severely wounded.
Maud hits you with an eveningstar of crushing!!
Your iron imp hits Maud but does no damage.
You completely miss Maud.
Maud is severely wounded.
Maud hits you but does no damage.
Your iron imp hits Maud but does no damage.
Your plate armour prevents you from hitting Maud.
You claw Maud, but do no damage.
Maud is severely wounded.
You hit Maud.
Maud is severely wounded.
Maud hits you with an eveningstar of crushing!!
* * * LOW HITPOINT WARNING * * *
x2 Your iron imp barely misses Maud.
Unknown command.
You hit Maud.
Maud is severely wounded.
Maud hits you with an eveningstar of crushing.
You die...

# ##.........# #
#..####.....####.
######........#....
##.#.#.......#.....
.##.#.......#.#...# ....
...........#.##...## ....
....††....#.###....# .....
...†.....#.## #.@5.##....#
........#.## #.@5......##
#..#...#.######...........
.######.#......#..........
#..#...#.######.....#....
...8....#.## #...###....
.........#.## #..###....
....8.....#.###..#......
...........#.##.........
...8........#.#.........


You could see Maud, a friendly iron imp and a friendly white imp.

Vanquished Creatures
  A centaur warrior (D:9)
  Erolcha (D:8)
  A hill giant (D:10)
  An orc knight (Bailey)
  A guardian serpent (shapeshifter) (D:9)
  A komodo dragon (D:9)
  7 yaks
  Sigmund (D:4)
  A spriggan (D:8)
  A wyvern (D:9)
  A deep elf fighter (D:10)
  A hippogriff (D:8)
  A hungry ghost (D:9)
  A water moccasin (D:7)
  3 ice beasts
  3 centaurs
  2 sky beasts
  2 necrophages
  A black bear (D:7)
  5 orc warriors
  3 ogres
  A crocodile (D:10)
  A phantom (D:4)
  A big kobold (D:9)
  4 giant frogs
  4 scorpions
  5 centaur zombies (Ossuary)
  A giant frog zombie (D:7)
  6 orc priests
  2 jellies
  2 crimson imps
  3 hounds
  2 giant frog skeletons (D:9)
  9 orc wizards
  A centaur skeleton (D:10)
  Terence (D:3)
  9 worker ants
  2 big kobold zombies (Ossuary)
  4 mummies (Ossuary)
  A hound skeleton (D:10)
  Robin (D:4)
  6 gnolls
  5 adders
  2 river rats (D:10)
  2 shadow imps
  2 oozes
  2 worms
  An adder skeleton (D:4)
  6 giant geckos
  42 orcs
  12 bats
  2 bat skeletons
  8 giant cockroaches
  30 hobgoblins
  5 jackals (D:3)
  4 quokkas
  A ball python (D:1)
  A giant cockroach zombie (D:6)
  6 giant newts
  39 goblins
  5 hobgoblin zombies (Ossuary)
  27 kobolds
  17 rats
  2 fungi (D:10)
326 creatures vanquished.

Vanquished Creatures (collateral kills)
  A centaur skeleton (D:10)
  A two-headed ogre (D:9)
  A hippogriff (D:8)
  2 ogres
  A scorpion (D:4)
  2 orc wizards (D:7)
  An orc priest (D:4)
  A gnoll (D:8)
  4 orcs
  A goblin (D:10)
15 creatures vanquished.

Vanquished Creatures (others)
  A kobold (D:7)
1 creature vanquished.

Grand Total: 342 creatures vanquished

Notes
Turn   | Place    | Note
--------------------------------------------------------------
     0 | D:1      | Work the Demonspawn Berserker began the quest for the Orb.
     0 | D:1      | Reached XP level 1. HP: 18/18 MP: 1/1
   161 | D:1      | Gained mutation: A weak demonic guardian rushes to your aid. [demonic ancestry]
   161 | D:1      | Reached XP level 2. HP: 22/24 MP: 2/2
   236 | D:1      | Acquired Trog's second power
   412 | D:1      | Gained mutation: You are partially covered in molten scales (AC +1). [demonic ancestry]
   412 | D:1      | Reached XP level 3. HP: 21/29 MP: 3/3
   704 | D:2      | Reached skill level 4 in Axes
  1368 | D:3      | Noticed Terence
  1390 | D:3      | Found a stormy altar of Qazlal.
  1418 | D:3      | Killed Terence
  1418 | D:3      | Reached XP level 4. HP: 24/35 MP: 4/4
  1453 | D:3      | Found a blossoming altar of Fedhas.
  1699 | D:3      | Found an iron altar of Okawaru.
  1894 | D:4      | Reached skill level 5 in Axes
  1962 | D:4      | Noticed Sigmund
  1970 | D:4      | Killed Sigmund
  1970 | D:4      | Reached skill level 6 in Axes
  1970 | D:4      | Gained mutation: You regenerate a little health from kills. [demonic ancestry]
  1970 | D:4      | Reached XP level 5. HP: 41/41 MP: 5/5
  2058 | D:4      | Reached XP level 6. HP: 47/47 MP: 6/6
  2232 | D:4      | Noticed Robin
  2235 | D:4      | Noticed a phantom
  2247 | D:4      | Killed Robin
  2255 | D:4      | Killed a phantom
  2255 | D:4      | Reached skill level 7 in Axes
  2488 | D:4      | Gained mutation: You are mostly covered in molten scales (AC +3, EV -1). [demonic ancestry]
  2488 | D:4      | Reached XP level 7. HP: 46/52 MP: 7/7
  2631 | D:4      | Acquired Trog's third power
  2830 | D:5      | Entered Level 5 of the Dungeon
  2888 | D:5      | Reached skill level 8 in Axes
  3172 | D:5      | Found a glowing golden altar of the Shining One.
  3317 | D:5      | Reached skill level 9 in Axes
  3317 | D:5      | Gained mutation: You have sharp toenails. [demonic ancestry]
  3317 | D:5      | Reached XP level 8. HP: 53/58 MP: 8/8
  4164 | D:7      | Found a staircase to the Ecumenical Temple.
  4175 | D:7      | Reached skill level 10 in Axes
  4469 | D:7      | Found an opulent altar of Gozag.
  4471 | D:7      | Found a sand-covered staircase.
  4477 | Ossuary  | Entered an ossuary
  4723 | D:7      | Reached XP level 9. HP: 62/67 MP: 9/9
  4771 | D:7      | Reached skill level 5 in Fighting
  4801 | D:7      | Gained mutation: Your mind is acute. (Int +2) [potion of mutation]
  4801 | D:7      | Gained mutation: Your flesh is heat resistant. [potion of mutation]
  4801 | D:7      | Gained mutation: Your muscles are strong. (Str +2) [potion of mutation]
  4979 | D:7      | Got a pair of scorched gloves
  4985 | D:7      | Identified the +1 pair of gloves "Nycvof" {MP-9 Str+7} (You found it on level 7 of the Dungeon)
  5043 | D:7      | Received a gift from Trog
  5602 | D:8      | Reached skill level 5 in Armour
  6081 | D:8      | Noticed Erolcha
  6087 | D:8      | Killed Erolcha
  6586 | D:9      | Gained mutation: You are completely covered in molten scales (AC +4, EV -1, rF+). [demonic ancestry]
  6586 | D:9      | Reached XP level 10. HP: 80/80 MP: 1/10
  6619 | D:9      | Noticed a guardian serpent
  6630 | D:9      | Killed a guardian serpent
  6630 | D:9      | Received a gift from Trog
  7153 | D:9      | Noticed a centaur warrior
  7162 | D:9      | Killed a centaur warrior
  7162 | D:9      | Reached skill level 11 in Axes
  7173 | D:9      | Got a crystal shortbow
  7174 | D:9      | Identified the +4 shortbow "Biemmi Hynal" {velocity, Int+6 Dex+7} (You found it on level 9 of the Dungeon)
  7196 | D:9      | Got a polished morningstar
  7197 | D:9      | Identified the cursed +3 morningstar "Newtslayer" {venom, rF+ rC+} (You found it on level 9 of the Dungeon)
  7230 | D:9      | Noticed a komodo dragon
  7239 | D:9      | Killed a komodo dragon
  7686 | D:10     | Entered Level 10 of the Dungeon
  7686 | D:10     | Found a flagged portal.
  7703 | D:10     | Noticed a hill giant
  7703 | Bailey   | Entered a bailey
  7703 | Bailey   | Noticed an orc knight
  7726 | Bailey   | Noticed an orc knight
  7748 | Bailey   | Reached skill level 12 in Axes
  7772 | Bailey   | Got a faintly humming ring mail
  7773 | Bailey   | Identified the +1 ring mail of the Little Devil {MR- MP+9 Str+7 Stlth+} (You found it in a bailey)
  7908 | Bailey   | Killed an orc knight
  7932 | Bailey   | Gained mutation: You have razor-sharp toenails. [demonic ancestry]
  7932 | Bailey   | Reached XP level 11. HP: 82/86 MP: 2/11
  7942 | Bailey   | Noticed an orc knight
  7942 | Bailey   | Noticed an orc knight
  8224 | D:10     | Killed a hill giant
  8292 | D:10     | Found a staircase to the Lair.
  8500 | D:10     | Found Leleirch's Antique Weapon Shop.
  8573 | D:10     | Noticed Maud
  8587 | D:10     | HP: 4/86 [Maud/eveningstar of crushing (31)]
  8588 | D:10     | Slain by Maud

Vault maps used:
D:1:      eino_arrival_water_cross, minmay_surrounded
D:2:      first_bread, kennysheep_cross_room
D:3:      nicolae_overflow_crystal_walls, lemuel_round_altar, fedhas_altar_2,
          uniq_terence
D:4:      kennysheep_the_goblin_king, uniq_sigmund, uniq_robin
D:5:      nicolae_tso_carved_into_rock
D:7:      corexii_shantytown, overflow_temple_1_default,
          minmay_temple_entry_statues_fountains, nicolae_ossuary_entry_plus,
          minmay_misc_feat_secret_circle
D:8:      the_bakery, hangedman_glass_teeth, roderic_greek_sauvastika,
          uniq_erolcha
D:9:      minmay_tri_box
D:10:     wad_pebble_path, grunt_lair_entry_elf_guard_hut, enter_bailey_3,
          serial_shops, shop, uniq_maud
Ossuary:  ossuary_the_hunt_dpeg
Bailey:   bailey_polearm_4, bailey

Action                   |  1- 3 |  4- 6 |  7- 9 | 10-12 || total
-------------------------+-------+-------+-------+-------++-------
Melee: Hand axe          |   181 |   136 |   511 |    24 ||   852
       Battleaxe         |       |       |       |   171 ||   171
Invok: Berserk           |       |     1 |     3 |     4 ||     8
Evoke: Deck              |       |       |     2 |       ||     2
  Use: Potion            |       |       |    10 |     6 ||    16
       Scroll            |       |       |    12 |     8 ||    20
 Stab: Distracted        |       |       |     1 |     1 ||     2
       Invisible         |       |       |     1 |       ||     1
  Eat: Bread ration      |     1 |       |     2 |     2 ||     5
       Chunk             |       |     1 |     8 |     5 ||    14
       Fruit             |       |       |     1 |       ||     1
